 Dungeon Crawl Stone Soup version 0.30.0-29-ga12c61a403 (webtiles) character file.

Game seed: 8782677342119809814

61 cdecastro the Trooper (level 3, 0/37 HPs)
             Began as a Troll Fighter on June 22, 2023.
             Slain by a gnoll
             ... wielding a +0 spear
              (7 damage)
             ... on level 2 of the Dungeon.
             The game lasted 00:01:31 (819 turns).

cdecastro the Trooper (Troll Fighter)                Turns: 819, Time: 00:01:32

Health: 0/37       AC:  4    Str: 24    XL:     3   Next: 83%
Magic:  2/2        EV:  9    Int:  4    God:
Gold:   124        SH:  8    Dex: 11    Spells: 2/2 levels left

rFire   . .          .
                       - Unarmed
rCold   . . .        b - +0 kite shield
rNeg    . . .        a - +0 robe
rPois   .            (helmet restricted)
rElec   .            (no cloak)
rCorr   .            (gloves unavailable)
SInv    .            (boots unavailable)
Will    .....        (no amulet)
Stlth   +            (no ring)
HPRegen 1.06/turn    (no ring)
MPRegen 0.08/turn

%: no passive effects
@: no status effects
A: large, unfitting armour, claws 3, regeneration 1, shaggy fur 1, tough skin 1
a: no special abilities


You were on level 2 of the Dungeon.
You visited 1 branch of the dungeon, and saw 2 of its levels.

You collected 124 gold pieces.

Inventory:

Missiles
 e - 11 poisoned darts (quivered)
Armour
 a - a +0 robe (worn)
 b - a +0 kite shield (worn)
Jewellery
 k - a ring of positive energy
Scrolls
 h - a scroll of poison {unknown}
 m - a scroll of torment {unknown}
Potions
 c - a potion of might
 d - a potion of degeneration {unknown}
 f - 2 potions of flight {unknown}
 g - a potion of ambrosia {unknown}
 i - a potion of cancellation {unknown}
 j - 3 potions of curing {unknown}
 l - a potion of resistance {unknown}
 n - a potion of haste {unknown}


   Skills:
 + Level 3.3 Fighting
 - Level 2.4 Dodging
 - Level 2.6 Shields
 + Level 3.2 Unarmed Combat


You had 2 spell levels left.
You didn't know any spells.
Your spell library was empty.

Dungeon Overview and Level Annotations

Branches:
Dungeon (2/15)

Altars:


Innate Abilities, Weirdness & Mutations

You are too large for most types of armour.
You have claws for hands.
Your natural rate of healing is unusually fast.
You are covered in fur. (AC +1)
You have tough skin. (AC +1)


Message History

You closely miss the gnoll. The gnoll hits you with a +0 flail!
The gnoll hits you from afar with a +0 spear.
You claw the gnoll!
You kill the gnoll!
The gnoll barely misses you.
You barely miss the hobgoblin.
The gnoll shouts!
The gnoll closely misses you. You block the hobgoblin's attack. x2
The gnoll hits you from afar with a +0 spear.
You claw the hobgoblin!
You kill the hobgoblin!
The gnoll hits you from afar with a +0 spear.
You block the gnoll's attack. The gnoll hits you with a +0 spear.
Things that are here:
a +0 flail; a hobgoblin corpse; a gnoll corpse You barely miss the gnoll.
The gnoll barely misses you. x2
You closely miss the gnoll. The gnoll hits you but does no damage.
The gnoll misses you.
You barely miss the gnoll. The gnoll hits you with a +0 spear. x2
* * * LOW HITPOINT WARNING * * *
You claw the gnoll!
The gnoll is heavily wounded.
You block the gnoll's attack. The gnoll closely misses you.
You scratch the gnoll.
The gnoll is severely wounded.
The gnoll hits you with a +0 spear!
* * * LOW HITPOINT WARNING * * *
The gnoll hits you with a +0 spear!
* * * LOW HITPOINT WARNING * * *
You claw the gnoll!
You kill the gnoll!
You block the gnoll's attack. You block the gnoll's attack.
You see here a +0 spear.
You claw the gnoll!
The gnoll is almost dead.
The gnoll hits you with a +0 spear.
* * * LOW HITPOINT WARNING * * *
The gnoll hits you with a +0 spear!
You die...

...............
..............#
..........# .#
......<.# ##.#
#......#####..
#...)†.....#.###
..).....#......#
..........#...####
..........#.#..)@###
.........##.####g..#
............# ###.#
......##....## ...
......##..#..## #.#
......#...##..######.#
......#.#..#........ #
........##....######
........##>......##


You could see a gnoll.

Vanquished Creatures
  2 gnolls (D:2)
  2 adders (D:2)
  3 ball pythons
  2 endoplasms
  A giant cockroach (D:2)
  3 goblins
  A hobgoblin (D:2)
  A kobold (D:2)
  2 quokkas (D:1)
  3 bats (D:1)
  4 frilled lizards
  A rat (D:2)
25 creatures vanquished.

Notes
Turn   | Place    | Note
-------+----------+-------------------------------------------
     0 | D:1      | cdecastro the Troll Fighter began the quest for the Orb.
     0 | D:1      | Reached XP level 1. HP: 22/22 MP: 0/0
   118 | D:1      | Reached XP level 2. HP: 29/29 MP: 1/1
   700 | D:2      | Reached XP level 3. HP: 33/37 MP: 2/2
   819 | D:2      | Slain by a gnoll

Illustrated notes

Levels and vault maps discovered:
D:1:      dpeg_arrival_arbitrary_c, layout_loops_ring, minivault_14,
          minmay_misc_feat_cross, chequers_garden
D:2:      layout_rooms, serial_park_tiny_2

Skill      XL: |  1  2  3 |
---------------+----------+-----
Fighting       | 3 |  3.3
Unarmed Combat | 3 |  3.2
Dodging        | |  2.4
Shields        | |  2.6

Action                     || total
---------------------------++-------
  Melee: Unarmed           ||    77
 Armour: Robe              ||    16
  Dodge: Dodged            ||    31
  Block: Kite shield       ||    28
